 Dungeon Crawl Stone Soup version 0.29.1-15-g9cfb28693d (webtiles) character file.

Game seed: 17298740169083747805

9 protoss039 the Digger (level 2, 20/20 HPs)
             Began as a Demonspawn Earth Elementalist on Mar 9, 2023.
             Got out of the dungeon alive.
             The game lasted 00:00:35 (1050 turns).

protoss039 the Digger (DsEE)                        Turns: 1050, Time: 00:00:36

Health: 20/20      AC:  2    Str:  8    XL:     2   Next: 3%
Magic:  5/5        EV: 12    Int: 16    God:
Gold:   38         SH:  4    Dex: 13    Spells: 4/5 levels left

rFire   . . .      SeeInvis .   i - +0 dagger
rCold   . . .      Faith    .   (no shield)
rNeg    . . .      Spirit   .   a - +0 robe
rPois   .          Reflect  .   (no helmet)
rElec   .          Harm     .   (no cloak)
rCorr   .          Rampage  .   (no gloves)
Will    .....                   (no boots)
Stlth   ++........              (no amulet)
HPRegen 0.06/turn               (no ring)
MPRegen 0.09/turn               (no ring)

@: no status effects
A: condensation shield
a: no special abilities


You escaped.
You visited 1 branch of the dungeon, and saw 1 of its levels.

You collected 38 gold pieces.

Inventory:

Hand Weapons
 i - a +0 dagger (weapon)
Armour
 a - a +0 robe (worn)
Scrolls
 d - a scroll of torment {unknown}
 f - a scroll of blinking {unknown}
 g - a scroll of identify {unknown}
 j - a scroll of noise {unknown}
 k - a scroll of teleportation {unknown}
Potions
 b - 2 potions of magic
 c - a potion of might {unknown}
 e - 2 potions of brilliance {unknown}
 h - 3 potions of resistance {unknown}
 l - a potion of mutation {unknown}


   Skills:
 + Level 0.8 Fighting
 - Level 1.7 Dodging
 - Level 1.7 Stealth
 + Level 2.2 Spellcasting
 - Level 0.8 Transmutations
 + Level 2.9 Earth Magic


You had 4 spell levels left.
You knew the following spells:

 Your Spells              Type           Power      Damage    Failure   Level
a - Sandblast             Erth           22%        2d7       6%          1

Your spell library contained the following spells:

 Spells                   Type           Power      Damage    Failure   Level
 Passwall                 Tmut/Erth      5%         N/A       14%         2
 Stone Arrow              Conj/Erth      12%        3d7       32%         3
 Gell's Gravitas          Tloc           1%         N/A       52%         3
 Lesser Beckoning         Tloc           1%         N/A       52%         3
 Teleport Other           Tloc           1%         N/A       52%         3
 Petrify                  Tmut/Erth      7%         N/A       67%         4


Dungeon Overview and Level Annotations

Branches:
Dungeon (1/15) Zot: 4946

Altars:


Innate Abilities, Weirdness & Mutations

A meltable shield of frost defends you. (SH +4)


Message History

You hit the bat.
You kill the bat!
The bat hits you but does no damage.
You barely miss the bat. The bat misses you. The bat misses you.
The bat closely misses you. The bat barely misses you.
The bat closely misses you. The bat closely misses you.
The bat hits you but does no damage. The bat barely misses you.
The bat hits you but does no damage. The bat hits you. x2
The bat closely misses you. The bat hits you.
You barely miss the bat. The bat hits you but does no damage. x2
You hit the bat but do no damage. The bat hits you. The bat hits you.
Things that are here:
a murky silvery potion; 2 purple potions The bat barely misses you.
You hit the bat.
The bat is severely wounded.
The bat barely misses you.
You hit the bat.
You kill the bat!
You have reached level 2!
Your demonic ancestry asserts itself...
Frost condenses into a shield before you.
e - 2 blue potions (gained 1)
l - a murky silvery potion;
h - 3 purple potions (gained 2)
You open the door.
There is an open door here.
There is an open door here.
There is an open door here.
You open the door.
There is an open door here.
There is a staircase leading out of the dungeon here.
Are you sure you want to leave the Dungeon?
This will make you lose the game!
You have escaped!

#.#.........## #.#.
#...#####.## #... ##.##
#.# ###. #)# #.# #.
#.## ##+## #. #..#
#...## #.
#+####'####'#..## ##.
#...........#...## #..
######@######....####..
###.>.......'.....
##.........####..
#.........## ##.
#.##.....## #.
##.###...## #. #.##
##'## #. ##.## #.# #.
##.# #.# .


There were no monsters in sight!

Vanquished Creatures
  2 giant cockroaches (D:1)
  4 bats (D:1)
  2 goblins (D:1)
  2 rats (D:1)
10 creatures vanquished.

Notes
Turn   | Place    | Note
-------+----------+-------------------------------------------
     0 | D:1      | protoss039 the Demonspawn Earth Elementalist began the
                  | quest for the Orb.
     0 | D:1      | Reached XP level 1. HP: 13/13 MP: 3/3
    92 | D:1      | Found a faded altar of an unknown god.
   837 | D:1      | Gained mutation: A meltable shield of frost defends you.
                  | (SH +4) [demonic ancestry]
   837 | D:1      | Reached XP level 2. HP: 13/20 MP: 5/5
  1050 | D:$      | Got out of the dungeon alive.

Illustrated notes

Levels and vault maps discovered:
D:1:      minmay_arrival_three_doors, layout_loops_corners,
          chequers_ecumenical_altar_twisty, minmay_bisected

Action                   || total
-------------------------++-------
Melee: Dagger            ||    26
       Unarmed           ||     4
       Club              ||     2
       Punch             ||     1
 Cast: Sandblast         ||     7
Armor: Robe              ||    15
Dodge: Dodged            ||    43
